 Dungeon Crawl Stone Soup version 0.28-b1-25-g9875b3fc8c (webtiles) character file.

Game seed: 17371747604138736871

525 tizbic2 the Gusty (level 7, -11/51 HPs)
             Began as a Gnoll Air Elementalist on Feb 3, 2022.
             Was a Believer of Sif Muna.
             Mangled by an ogre (31 damage)
             ... on level 4 of the Dungeon.
             The game lasted 00:23:07 (4368 turns).

tizbic2 the Gusty (Gnoll Air Elementalist)          Turns: 4368, Time: 00:23:08

Health: -11/51     AC:  5    Str:  9    XL:     7   Next: 22%
Magic:  14/15      EV: 13    Int: 14    God:    Sif Muna [**....]
Gold:   238        SH:  0    Dex: 13    Spells: 11/17 levels left

rFire   . . .      SeeInvis .   w - +0 war axe
rCold   . . .      Faith    .   (no shield)
rNeg    . . .      Spirit   .   a - +0 leather armour "Seun Jum" {rPois}
rPois   +          Reflect  .   (no helmet)
rElec   .          Harm     .   (no cloak)
rCorr   .          Rampage  .   x - +1 pair of gloves {hurl}
Will    .....                   (no boots)
Stlth   +++.......              v - amulet of magic regeneration
HPRegen 0.17/turn               b - ring of fire
MPRegen 0.54/turn               g - ring of ice

@: no status effects
A: fangs 1, strong nose, distributed training
a: Renounce Religion, Channel Magic


You were on level 4 of the Dungeon.
You worshipped Sif Muna.
Sif Muna was pleased with you.
You visited 1 branch of the dungeon, and saw 4 of its levels.

You collected 238 gold pieces.

Inventory:

Hand Weapons
 w - a +0 war axe (weapon)
Missiles
 d - 96 arrows
 e - 66 stones (quivered)
 k - 32 bolts
 s - 19 sling bullets
Armour
 a - the +0 leather armour "Seun Jum" (worn) {rPois}
   (You found it on level 4 of the Dungeon)

   rPois:     It protects you from poison.
 i - a +0 scale mail
 q - a +0 ring mail
 x - a +1 pair of gloves of hurling (worn)
Jewellery
 b - a ring of fire (left hand)
 g - a ring of ice (right hand)
 j - a ring of protection from cold
 m - an amulet of regeneration
 v - an amulet of magic regeneration (around neck)
Scrolls
 c - 6 scrolls of identify
 h - a scroll of noise {unknown}
 l - a scroll of brand weapon {unknown}
 n - a scroll of enchant armour {unknown}
 t - a scroll of acquirement {unknown}
Potions
 f - a potion of might {unknown}
 o - a potion of curing {unknown}
 p - a potion of magic {unknown}
 r - a potion of invisibility {unknown}
 u - a potion of flight {unknown}
 z - a potion of brilliance {unknown}


   Skills:
 + Level 2.3 Fighting
 + Level 2.3 Short Blades
 + Level 2.3 Long Blades
 + Level 2.3 Axes
 + Level 2.3 Maces & Flails
 + Level 2.3 Polearms
 + Level 2.3 Staves
 + Level 2.3 Slings
 + Level 2.3 Bows
 + Level 2.3 Crossbows
 + Level 2.3 Throwing
 + Level 2.3 Armour
 + Level 5.2 Dodging
 + Level 4.8 Stealth
 + Level 2.3 Shields
 + Level 2.3 Unarmed Combat
 + Level 5.5 Spellcasting
 + Level 2.9 Conjurations
 + Level 1.9 Hexes
 + Level 1.9 Summonings
 + Level 1.9 Necromancy
 + Level 1.9 Translocations
 + Level 1.9 Transmutations
 + Level 1.9 Fire Magic
 + Level 1.9 Ice Magic
 + Level 5.8 Air Magic
 + Level 1.9 Earth Magic
 + Level 1.9 Poison Magic
 + Level 2.6 Invocations
 + Level 2.3 Evocations


You had 11 spell levels left.
You knew the following spells:

 Your Spells              Type           Power      Damage    Failure   Level
a - Shock                 Conj/Air       64%        1d7       3%          1
b - Swiftness             Air            20%        N/A       6%          3
c - Ensorcelled Hibernat  Hex/Ice        26%        N/A       16%         2

Your spell library contained the following spells:

 Spells                   Type           Power      Damage    Failure   Level
 Static Discharge         Conj/Air       16%        N/A       5%          2
 Slow                     Hex            36%        N/A       11%         1
 Airstrike                Air            10%        N/A       21%         4
 Confusing Touch          Hex            9%         N/A       30%         3
 Vampiric Draining        Necr           9%         2d6       30%         3
 Dispersal                Tloc           4%         N/A       100%        6
 Disjunction              Tloc           4%         N/A       100%        8


Dungeon Overview and Level Annotations

Branches:
Dungeon (4/15)
 Temple: D:4-7

Altars:
Sif Muna
Wu Jian

Annotations:
D:3 1 runed translucent door, zeram's ghost, weakling SpFi


Innate Abilities, Weirdness & Mutations

You have very sharp teeth.
Your uncanny sense of smell can sniff out nearby items.
Your experience applies equally to all skills.


Message History

Aim: an ogre, wielding a +0 giant club (lightly wounded, chance to affect: 47%)
You feel a surge of power!
The ogre resists with some effort.
The ogre barely misses you.
Casting: Ensorcelled Hibernation (safe; 16% risk of failure)
Confirm with . or Enter, or press ? or * to list all spells.
Aiming: Shock (safe; 3% risk of failure)
Press: ? - help, Shift-Dir - straight line, f/p - ogre
Aim: an ogre, wielding a +0 giant club (lightly wounded, 86% to hit)
The zap hits the ogre.
The ogre is lightly wounded.
The ogre completely misses you.
Casting: Shock (safe; 3% risk of failure)
Confirm with . or Enter, or press ? or * to list all spells.
Aiming: Shock (safe; 3% risk of failure)
Press: ? - help, Shift-Dir - straight line, p - ogre The zap hits the ogre.
The ogre is moderately wounded.
The ogre hits you with a +0 giant club!
Casting: Shock (safe; 3% risk of failure)
Confirm with . or Enter, or press ? or * to list all spells.
Aiming: Shock (safe; 3% risk of failure)
Press: ? - help, Shift-Dir - straight line The zap hits the ogre.
The ogre is moderately wounded.
The ogre hits you with a +0 giant club!!
A goblin comes into view. It is wielding a +0 dagger.
The goblin moves out of view.
The goblin shouts!
You hear a shout!
Casting: Shock (safe; 3% risk of failure)
Confirm with . or Enter, or press ? or * to list all spells.
Aiming: Shock (safe; 3% risk of failure)
Press: ? - help, Shift-Dir - straight line, f - goblin
Aim: a goblin, wielding a +0 dagger (64% to hit)
The zap hits the ogre!
The ogre is heavily wounded.
The zap hits the goblin.
The goblin is severely wounded.
The ogre hits you with a +0 giant club!!
Ouch! That really hurt!
You die...

### ## ## ### #..∆
...##.###... #.#
####.#.#.#.#.# #.# ..
............ ######.##.#
#.......... #.....)...#
#..#.#)#.#.
####.########..##.)..#.
#.....@Og.............. #
#.##.##..##..........##
#.#.##.##..##.#....##..#
#.†.........#.#........##
###.##.##................
#.##..............#.#.#
#.........#.##...##.#.#
########..#.###.###.#.#
#..................#.[


You could see an ogre and a goblin.

Vanquished Creatures
  Grinder (D:4)
  A scorpion (D:4)
  2 hounds (D:4)
  A jelly (D:4)
  2 iguanas (D:4)
  4 adders
  A shadow imp (D:4)
  A worm (D:3)
  2 dart slugs
  7 ball pythons
  8 bats
  7 endoplasms
  4 giant cockroaches
  8 goblins
  7 hobgoblins
  7 kobolds
  4 quokkas
  2 frilled lizards (D:1)
  8 rats
77 creatures vanquished.

Notes
Turn   | Place    | Note
-------+----------+-------------------------------------------
     0 | D:1      | tizbic2 the Gnoll Air Elementalist began the quest for the
                  | Orb.
     0 | D:1      | Reached XP level 1. HP: 13/13 MP: 6/6
   424 | D:1      | Reached XP level 2. HP: 19/19 MP: 2/7
  1106 | D:1      | Found a faded altar of an unknown god.
  1112 | D:1      | Prayed at the altar of an unknown god.
  1112 | D:1      | Became a worshipper of Sif Muna the Loreminder
  1112 | D:1      | Reached * piety under Sif Muna
  1128 | D:1      | Reached XP level 3. HP: 25/25 MP: 7/9
  1143 | D:1      | Reached skill level 5 in Spellcasting
  1163 | D:1      | Learned a level 3 spell: Swiftness
  1293 | D:1      | Got the Reference Book on Air and the Frostbite
  1509 | D:2      | Reached skill level 1 in Invocations
  1567 | D:2      | Reached skill level 1 in Fighting
  1567 | D:2      | Reached skill level 1 in Short Blades
  1567 | D:2      | Reached skill level 1 in Long Blades
  1567 | D:2      | Reached skill level 1 in Axes
  1567 | D:2      | Reached skill level 1 in Maces & Flails
  1567 | D:2      | Reached skill level 1 in Polearms
  1567 | D:2      | Reached skill level 1 in Staves
  1567 | D:2      | Reached skill level 1 in Slings
  1567 | D:2      | Reached skill level 1 in Bows
  1567 | D:2      | Reached skill level 1 in Crossbows
  1567 | D:2      | Reached skill level 1 in Throwing
  1567 | D:2      | Reached skill level 1 in Armour
  1567 | D:2      | Reached skill level 1 in Shields
  1567 | D:2      | Reached skill level 1 in Unarmed Combat
  1567 | D:2      | Reached skill level 1 in Evocations
  2036 | D:2      | Reached XP level 4. HP: 32/32 MP: 6/11
  2169 | D:3      | Reached ** piety under Sif Muna
  2278 | D:3      | Found a runed translucent door.
  2278 | D:3      | Noticed zeram's ghost (weakling SpFi)
  2512 | D:3      | Found an ornate altar of the Wu Jian Council.
  2924 | D:4      | Reached skill level 1 in Hexes
  2924 | D:4      | Reached skill level 1 in Summonings
  2924 | D:4      | Reached skill level 1 in Necromancy
  2924 | D:4      | Reached skill level 1 in Translocations
  2924 | D:4      | Reached skill level 1 in Transmutations
  2924 | D:4      | Reached skill level 1 in Fire Magic
  2924 | D:4      | Reached skill level 1 in Ice Magic
  2924 | D:4      | Reached skill level 1 in Earth Magic
  2924 | D:4      | Reached skill level 1 in Poison Magic
  2924 | D:4      | Reached XP level 5. HP: 30/37 MP: 8/12
  3132 | D:4      | Reached XP level 6. HP: 44/44 MP: 8/14
  3228 | D:4      | Reached skill level 5 in Dodging
  3778 | D:4      | Identified the +0 leather armour "Seun Jum" {rPois}
  3808 | D:4      | Noticed Grinder
  3817 | D:4      | Paralysed by Grinder for 3 turns
  3828 | D:4      | Killed Grinder
  3829 | D:4      | Reached XP level 7. HP: 7/51 MP: 12/15
  4184 | D:4      | Learned a level 2 spell: Ensorcelled Hibernation
  4368 | D:4      | Mangled by an ogre

Illustrated notes

Levels and vault maps discovered:
D:1:      kilobyte_arrival_exit_the_forest, layout_loops_ring,
          hellmonk_ecumenical_altar_heavens_door, st_stairs_2, minmay_unequal
D:2:      layout_basic, minivault_5
D:3:      layout_loops_ring, nicolae_wu_jian_wuxing_cycle, gammafunk_ghost_grave
D:4:      layout_loops_ring, grunt_ministairs_4, nicolae_underground_beach,
          uniq_robin, uniq_grinder

Skill      XL: |  1  2  3  4  5  6 |
---------------+-------------------+-----
Conjurations   | 2 |  2.9
Spellcasting   | 5 |  5.5
Invocations    | 1 2 |  2.6
Fighting       | 1 2 |  2.3
Short Blades   | 1 2 |  2.3
Long Blades    | 1 2 |  2.3
Axes           | 1 2 |  2.3
Maces & Flails | 1 2 |  2.3
Polearms       | 1 2 |  2.3
Staves         | 1 2 |  2.3
Slings         | 1 2 |  2.3
Bows           | 1 2 |  2.3
Crossbows      | 1 2 |  2.3
Throwing       | 1 2 |  2.3
Armour         | 1 2 |  2.3
Shields        | 1 2 |  2.3
Unarmed Combat | 1 2 |  2.3
Evocations     | 1 2 |  2.3
Hexes          | 1 |  1.9
Summonings     | 1 |  1.9
Necromancy     | 1 |  1.9
Translocations | 1 |  1.9
Transmutations | 1 |  1.9
Fire Magic     | 1 |  1.9
Ice Magic      | 1 |  1.9
Earth Magic    | 1 |  1.9
Poison Magic   | 1 |  1.9
Dodging        | 5 |  5.2
Stealth        | |  4.8
Air Magic      | |  5.8

Action                   |  1- 3 |  4- 6 |  7- 9 || total
-------------------------+-------+-------+-------++-------
Melee: Dagger            |     8 |       |       ||     8
       Bite              |     8 |    10 |       ||    18
       Unarmed           |     1 |       |       ||     1
       Short sword       |    53 |     9 |       ||    62
       Flail             |       |    27 |       ||    27
       War axe           |       |    26 |     2 ||    28
       Punch             |       |     2 |       ||     2
 Fire: Hunting sling     |       |     6 |       ||     6
Throw: Stone             |       |     1 |     2 ||     3
 Cast: Shock             |    50 |    45 |     7 ||   102
       Swiftness         |     1 |     2 |       ||     3
       Ensorcelled Hiber |       |       |     5 ||     5
  Use: Scroll            |     3 |       |       ||     3
 Stab: Sleeping          |     1 |     2 |       ||     3
Armor: Robe              |     7 |       |       ||     7
       Leather armour    |    11 |     2 |       ||    13
       Ring mail         |       |    36 |       ||    36
Dodge: Dodged            |    57 |    56 |     9 ||   122
